[Event "ICC tourney 2149 (70 10)"]
[Site "Internet Chess Club"]
[Date "2020.11.22"]
[Round "6"]
[White "hydroflares"]
[Black "thihansa"]
[Result "1/2-1/2"]
[ICCResult "Game drawn by mutual agreement"]
[WhiteElo "1540"]
[BlackElo "1201"]
[Opening "French defense"]
[ECO "C00"]
[NIC "FR.01"]
[Time "19:33:43"]
[TimeControl "4200+10"]

1. e4 e6 2. Nc3 d5 3. exd5 exd5 4. d4 Nf6 5. Nf3 Be7 6. Be2 Bg4 7. O-O Bxf3
8. Bxf3 c6 9. Bf4 O-O 10. Re1 Re8 11. Qd2 Nbd7 12. Rad1 Nf8 13. Re2 Ng6 14.
Bg5 h6 15. Bxf6 Bxf6 16. Rde1 Qd7 17. Bh5 Nf8 18. Rxe8 Rxe8 19. Rxe8 Qxe8
20. h3 Ne6 21. Ne2 Qd8 22. c3 Qd6 23. Bg4 b6 24. Bxe6 Qxe6 25. Qe3 Kf8 26.
Qxe6 fxe6 27. Nf4 Kf7 28. Kh2 e5 29. Ne2 exd4 30. cxd4 Ke6 31. Kg3 Kf5 32.
Kf3 g5 33. Ng3+ Kg6 34. Ke3 c5 35. dxc5 bxc5 36. b3 Bd4+ 37. Ke2 Be5 38. Nf1
Bd4 39. f3 h5 40. Ne3 Bxe3 41. Kxe3 Kf5 42. g3 Ke5 43. Kd3 h4 44. gxh4 gxh4
45. Ke3 d4+ 46. Ke2 Kf4 47. a3 a5 48. Kf2 d3 49. a4 d2 50. Ke2 d1=Q+ 51.
Kxd1 Kxf3 52. Kd2 Kg3 53. Ke3 Kg2 54. Ke2 Kg3 55. Ke3 Kg2
{Game drawn by mutual agreement}
1/2-1/2

[Event "ICC tourney 2149 (70 10)"]
[Site "Internet Chess Club"]
[Date "2020.11.22"]
[Round "6"]
[White "Munkhbileg2"]
[Black "mjohnson21"]
[Result "1-0"]
[ICCResult "Black checkmated"]
[WhiteElo "1474"]
[BlackElo "1315"]
[Opening "Giuoco Piano: Greco's attack"]
[ECO "C54"]
[NIC "IG.02"]
[Time "19:33:35"]
[TimeControl "4200+10"]

1. e4 e5 2. Nf3 Nc6 3. Bc4 Bc5 4. c3 Nf6 5. d4 exd4 6. cxd4 Bb4+ 7. Nc3
Bxc3+ 8. bxc3 O-O 9. e5 d5 10. exf6 dxc4 11. fxg7 Re8+ 12. Be3 Bf5 13. O-O
Bd3 14. Re1 Qf6 15. d5 Ne7 16. Bd4 Qg6 17. Ne5 Qg5 18. Qg4 Qxg4 19. Nxg4
Nxd5 20. Nh6# {Black checkmated} 1-0

[Event "ICC tourney 2149 (70 10)"]
[Site "Internet Chess Club"]
[Date "2020.11.22"]
[Round "6"]
[White "delennkier"]
[Black "WaSabi5829"]
[Result "0-1"]
[ICCResult "White checkmated"]
[WhiteElo "1299"]
[BlackElo "1430"]
[Opening "Grünfeld: modern exchange variation"]
[ECO "D85"]
[NIC "GI.04"]
[Time "19:33:16"]
[TimeControl "4200+10"]

1. d4 Nf6 2. c4 g6 3. Nc3 d5 4. cxd5 Nxd5 5. e4 Nxc3 6. bxc3 Bg7 7. Nf3 c5
8. Bf4 O-O 9. Bc4 Nc6 10. Be3 Bg4 11. Be2 Bxf3 12. Bxf3 cxd4 13. cxd4 Nxd4
14. Rc1 Nxf3+ 15. Qxf3 Qa5+ 16. Kf1 Qxa2 17. g3 a5 18. Kg2 a4 19. h4 h5 20.
g4 Qe6 21. gxh5 gxh5 22. Rcg1 Qg4+ 23. Qxg4 hxg4 24. Bf4 a3 25. e5 f6 26.
Re1 a2 27. h5 fxe5 28. h6 Bf6 29. h7+ Kh8 30. Rxe5 a1=Q 31. Reh5 Qd4 32. Bh6
Qe4+ 33. Kg3 Qf3+ 34. Kh2 Qxf2# {White checkmated} 0-1

[Event "ICC tourney 2149 (70 10)"]
[Site "Internet Chess Club"]
[Date "2020.11.22"]
[Round "6"]
[White "Yadavalli"]
[Black "ClashofKings"]
[Result "1-0"]
[ICCResult "Black checkmated"]
[WhiteElo "1280"]
[BlackElo "1558"]
[Opening "Caro-Kann: advance variation"]
[ECO "B12"]
[NIC "CK.04"]
[Time "19:33:17"]
[TimeControl "4200+10"]

1. e4 c6 2. d4 d5 3. e5 Bf5 4. Nf3 e6 5. c3 c5 6. Bb5+ Nc6 7. O-O Qb6 8. Ba4
cxd4 9. Nxd4 Bg6 10. Be3 Bc5 11. b4 Bxd4 12. Bxd4 Qd8 13. b5 Nxd4 14. Qxd4
Qb6 15. Nd2 Qxd4 16. cxd4 Ne7 17. b6+ Nc6 18. bxa7 Rxa7 19. Bxc6+ bxc6 20.
Rfc1 Kd7 21. Nb3 Rha8 22. Nc5+ Kc7 23. a4 Ra5 24. Rc3 h5 25. Rb3 Rb8 26.
Rxb8 Kxb8 27. Ra2 Rxc5 28. dxc5 d4 29. Rd2 d3 30. Rb2+ Ka7 31. Kf1 Be4 32.
f3 Bd5 33. Rb4 Ka6 34. Rd4 Ka5 35. Ke1 f6 36. exf6 gxf6 37. Kd2 e5 38. Rxd3
Kxa4 39. Rxd5 cxd5 40. c6 e4 41. c7 f5 42. c8=Q d4 43. Qc4+ Ka5 44. Qxd4
exf3 45. gxf3 f4 46. Qxf4 h4 47. Qxh4 Kb6 48. Qc4 Ka5 49. f4 Kb6 50. f5 Ka5
51. f6 Kb6 52. f7 Ka5 53. f8=Q Kb6 54. Qb8+ Ka5 55. Qa2# {Black checkmated}
1-0

[Event "ICC tourney 2149 (70 10)"]
[Site "Internet Chess Club"]
[Date "2020.11.22"]
[Round "6"]
[White "kd9junior"]
[Black "EmmiDM"]
[Result "1-0"]
[ICCResult "Black resigns"]
[WhiteElo "1451"]
[BlackElo "1440"]
[Opening "Catalan: closed, 6...Nbd7"]
[ECO "E07"]
[NIC "CA.04"]
[Time "19:33:22"]
[TimeControl "4200+10"]

1. d4 Nf6 2. c4 e6 3. Nf3 Be7 4. g3 d5 5. Bg2 O-O 6. O-O Nbd7 7. Nbd2 c5 8.
cxd5 Nxd5 9. dxc5 Nxc5 10. b3 Bf6 11. Ba3 Nc3 12. Qe1 Be7 13. Bxc5 Bxc5 14.
Rc1 Bd4 15. Nxd4 Qxd4 16. Nf3 Nxe2+ 17. Qxe2 Qb6 18. Rfd1 h6 19. Qe3 Qa5 20.
Rc2 Rb8 21. Qd2 Qb5 22. Qd6 Ra8 23. Rc7 a5 24. Qxf8+ Kxf8 25. Rd8+ Qe8 26.
Rxe8+ Kxe8 27. Ne5 {Black resigns} 1-0

[Event "ICC tourney 2149 (70 10)"]
[Site "Internet Chess Club"]
[Date "2020.11.22"]
[Round "6"]
[White "Knighthhhh"]
[Black "SGOLD9367"]
[Result "1-0"]
[ICCResult "Black resigns"]
[WhiteElo "1127"]
[BlackElo "1287"]
[Opening "QGD: 4.Bg5"]
[ECO "D38"]
[NIC "QO.16"]
[Time "19:33:29"]
[TimeControl "4200+10"]

1. d4 d5 2. c4 e6 3. Nc3 Nf6 4. Bg5 Bb4 5. Nf3 h6 6. Bh4 O-O 7. a3 Bxc3+ 8.
bxc3 dxc4 9. e4 g5 10. Bg3 Nxe4 11. Qc2 Nxg3 12. hxg3 Qf6 13. Bxc4 Nd7 14.
Nh2 Qf5 15. Bd3 Qd5 16. Ng4 f5 17. Ne3 Qd6 18. Rxh6 Kg7 19. Rh2 Nb6 20. Ke2
Rh8 21. Rxh8 Kxh8 22. Rh1+ Kg7 23. Kf1 Qxa3 24. Qe2 Qc1+ 25. Nd1 g4 26. Qe5+
Kg6 27. Bxf5+ Kf7 28. Rh7+ {Black resigns} 1-0

[Event "ICC tourney 2149 (70 10)"]
[Site "Internet Chess Club"]
[Date "2020.11.22"]
[Round "6"]
[White "ranu540"]
[Black "karthikp"]
[Result "1-0"]
[ICCResult "Black resigns"]
[WhiteElo "1343"]
[BlackElo "1393"]
[Opening "Giuoco Piano: Möller (Therkatz) attack"]
[ECO "C54"]
[NIC "IG.02"]
[Time "19:33:21"]
[TimeControl "4200+10"]

1. e4 e5 2. Nf3 Nc6 3. Bc4 Bc5 4. c3 Nf6 5. d4 exd4 6. cxd4 Bb4+ 7. Nc3 Nxe4
8. O-O Bxc3 9. d5 Ne7 10. bxc3 O-O 11. Re1 Nf6 12. Bg5 Ng6 13. d6 h6 14. Be3
Re8 15. Qd3 c6 16. Qxg6 Rf8 17. Bxh6 {Black resigns} 1-0

[Event "ICC tourney 2149 (70 10)"]
[Site "Internet Chess Club"]
[Date "2020.11.22"]
[Round "6"]
[White "lwidjaja"]
[Black "mehtaaditya"]
[Result "1/2-1/2"]
[ICCResult "Game drawn by mutual agreement"]
[WhiteElo "1406"]
[BlackElo "1574"]
[Opening "Giuoco Piano"]
[ECO "C54"]
[NIC "IG.02"]
[Time "19:33:20"]
[TimeControl "4200+10"]

1. e4 e5 2. Nf3 Nc6 3. Bc4 Bc5 4. c3 Nf6 5. d3 d5 6. exd5 Nxd5 7. Qb3 Be6 8.
Qxb7 Nde7 9. Bxe6 fxe6 10. Ng5 Rb8 11. Qa6 Qd6 12. Ne4 Qd5 13. c4 Qd4 14.
Nxc5 Qxc5 15. O-O O-O 16. Be3 Nd4 17. b3 Rb6 18. Qa3 Ne2+ 19. Kh1 Qxe3 20.
Qxe7 Qh6 21. Na3 Rd6 22. Qxc7 Rxd3 23. Qxe5 Rd2 24. Rae1 Nf4 25. Qe3 Nd3 26.
Qxh6 gxh6 27. Rxe6 Rfxf2 28. Rg1 Nf4 29. Re3 Rxa2 30. Nb5 Rxg2 31. Rxg2+
Rxg2 32. Rg3+ Rxg3 33. hxg3 Ne2 34. Nxa7 Nxg3+ 35. Kg2 Ne4 36. b4 Kf8 37. c5
Ke8 38. c6 Kd8 39. Nb5 Nf6 40. Nd4 Nd5 41. b5 Nb6 42. Kh3 Kc7 43. Nf5 Nc8
44. Kh4 {Game drawn by mutual agreement} 1/2-1/2

[Event "ICC tourney 2149 (70 10)"]
[Site "Internet Chess Club"]
[Date "2020.11.22"]
[Round "6"]
[White "AdityaBang"]
[Black "MinnArkie"]
[Result "1-0"]
[ICCResult "Black resigns"]
[WhiteElo "1414"]
[BlackElo "1467"]
[Opening "Caro-Kann: advance variation"]
[ECO "B12"]
[NIC "CK.04"]
[Time "19:33:23"]
[TimeControl "4200+10"]

1. e4 c6 2. d4 d5 3. e5 Bf5 4. Nf3 e6 5. Be2 Nd7 6. O-O Ne7 7. c4 dxc4 8.
Bxc4 Nb6 9. Bb3 Ned5 10. Nc3 Be7 11. Ne2 Nb4 12. Nf4 Bg4 13. h3 g5 14. Nd3
Bxf3 15. Qxf3 Qxd4 16. Nxb4 Qxb4 17. Be3 Nd5 18. Rad1 O-O-O 19. Qxf7 h5 20.
Rd4 Qb5 21. Bxd5 exd5 22. Qxe7 Rde8 23. Qxg5 Qxb2 24. Qf5+ Kb8 25. Rb1 Qxa2
26. Rxb7+ Kxb7 27. Qd7+ Ka8 28. Qxc6+ {Black resigns} 1-0

[Event "ICC tourney 2149 (70 10)"]
[Site "Internet Chess Club"]
[Date "2020.11.22"]
[Round "6"]
[White "GalaxyToast"]
[Black "jnkut"]
[Result "0-1"]
[ICCResult "White checkmated"]
[WhiteElo "1394"]
[BlackElo "1571"]
[Opening "English opening"]
[ECO "A16"]
[NIC "EO.64"]
[Time "19:33:19"]
[TimeControl "4200+10"]

1. c4 Nf6 2. Nc3 g6 3. g3 Bg7 4. Bg2 d6 5. e4 e5 6. Nge2 O-O 7. O-O Nc6 8.
d3 Bg4 9. h3 Bxe2 10. Nxe2 Nd7 11. Be3 Nc5 12. Qd2 Qd7 13. d4 exd4 14. Nxd4
Nxd4 15. Bxd4 Bxd4 16. Qxd4 Rfe8 17. Rfd1 Rad8 18. b4 Ne6 19. Qxa7 Ng5 20.
Qxb7 Nxh3+ 21. Bxh3 Qxh3 22. Qxc7 Rd7 23. Qc6 Re5 24. Rd5 Rde7 25. Qxd6 Rxe4
26. Rdd1 Re2 27. Qd8+ Re8 28. Qh4 Qf5 29. c5 Qxf2+ 30. Kh1 Qg2#
{White checkmated}
0-1

[Event "ICC tourney 2149 (70 10)"]
[Site "Internet Chess Club"]
[Date "2020.11.22"]
[Round "6"]
[White "chessmonk"]
[Black "VirginiaGuy"]
[Result "1-0"]
[ICCResult "Black checkmated"]
[WhiteElo "1408"]
[BlackElo "1506"]
[Opening "Petrov: classical attack"]
[ECO "C42"]
[NIC "RG.04"]
[Time "19:33:23"]
[TimeControl "4200+10"]

1. e4 e5 2. Nf3 Nf6 3. Nxe5 d6 4. Nf3 Nxe4 5. d4 d5 6. Bd3 Nf6 7. O-O Be7 8.
Nc3 O-O 9. Re1 Nc6 10. Bf4 Bg4 11. Be5 h6 12. h3 Be6 13. Ne2 Nxe5 14. Nxe5
c6 15. Nf4 Bc8 16. c4 Bd6 17. c5 Bc7 18. Nh5 Be6 19. Nxf6+ Qxf6 20. Qc2 Qg5
21. Re3 Qh4 22. Bh7+ Kh8 23. Nf3 Qf4 24. Bd3 Kg8 25. Qd2 Qf6 26. Bc2 Bf5 27.
Rae1 Bf4 28. Bxf5 Bxe3 29. Qd3 Bf4 30. Bh7+ Kh8 31. Bf5 g6 32. g3 Bc7 33.
Bd7 Qd8 34. Bg4 h5 35. Bxh5 gxh5 36. Qf5 Kg7 37. Ng5 Rh8 38. Qxf7+ Kh6 39.
Re6+ Kxg5 40. Qg6# {Black checkmated} 1-0

[Event "ICC tourney 2149 (70 10)"]
[Site "Internet Chess Club"]
[Date "2020.11.22"]
[Round "6"]
[White "rulloa"]
[Black "aditya7708"]
[Result "1/2-1/2"]
[ICCResult "Game drawn by mutual agreement"]
[WhiteElo "165"]
[BlackElo "1533"]
[Opening "Sicilian: Najdorf, Byrne (English) attack"]
[ECO "B90"]
[NIC "SI.14"]
[Time "19:33:33"]
[TimeControl "4200+10"]

1. e4 c5 2. Nf3 d6 3. d4 cxd4 4. Nxd4 Nf6 5. Nc3 a6 6. Be3 e5 7. Nb3 Be6 8.
Be2 Be7 9. Qd2 Nbd7 10. f3 O-O 11. g4 b5 12. O-O-O b4 13. Nd5 Bxd5 14. exd5
a5 15. h4 Nb6 16. Bxb6 Qxb6 17. h5 a4 18. Na1 Rfc8 19. Kb1 Rc5 20. Qe3 Qb7
21. g5 {Game drawn by mutual agreement} 1/2-1/2

[Event "ICC tourney 2149 (70 10)"]
[Site "Internet Chess Club"]
[Date "2020.11.22"]
[Round "6"]
[White "Futurebus"]
[Black "LegacyCreator"]
[Result "1-0"]
[ICCResult "Black resigns"]
[WhiteElo "1543"]
[BlackElo "1365"]
[Opening "Sicilian: Smith-Morra gambit"]
[ECO "B21"]
[NIC "SI.48"]
[Time "19:34:08"]
[TimeControl "4200+10"]

1. e4 c5 2. d4 cxd4 3. c3 Nf6 4. e5 Ne4 5. cxd4 Qa5+ 6. Bd2 Nxd2 7. Nxd2 Qb6
8. Nc4 Qb4+ 9. Qd2 Qxd2+ 10. Kxd2 e6 11. Rc1 Nc6 12. Nf3 g6 13. Be2 Bh6+ 14.
Ne3 b6 15. g4 Bb7 16. g5 Bg7 17. Nc4 Bf8 18. a3 Nxd4 19. Nxd4 Bxh1 20. Rxh1
Bc5 21. Nb5 O-O 22. Bf3 a6 23. Nbd6 Ra7 24. Ne4 b5 25. Nxc5 bxc4 26. Rc1 Rc8
27. Rxc4 Rac7 28. b4 a5 29. Kd3 axb4 30. axb4 h5 31. gxh6 f5 32. Kd4 Kh7 33.
Be2 Ra8 34. Bf3 Ra2 35. b5 Rb2 36. Na6 Ra7 37. Rb4 Rxf2 38. b6 Rxa6 39. b7
Rxf3 40. b8=Q Rf4+ 41. Kc5 Rc6+ 42. Kb5 Rxb4+ 43. Kxb4 Kxh6 44. Qh8+ Kg5 45.
Qd8+ Kf4 46. Qxd7 Rb6+ 47. Kc5 Rb2 48. Qd4+ {Black resigns} 1-0

[Event "ICC tourney 2149 (70 10)"]
[Site "Internet Chess Club"]
[Date "2020.11.22"]
[Round "6"]
[White "ruhanv"]
[Black "miles42"]
[Result "1-0"]
[ICCResult "Black checkmated"]
[WhiteElo "1253"]
[BlackElo "1282"]
[Opening "Queen's pawn, Mason variation"]
[ECO "D00"]
[NIC "QP.08"]
[Time "19:33:27"]
[TimeControl "4200+10"]

1. d4 d5 2. Bf4 Nf6 3. e3 Bg4 4. Nf3 e6 5. c3 c5 6. h3 Bh5 7. Qa4+ Qd7 8.
Bb5 Nc6 9. Ne5 Qc8 10. Nxc6 a6 11. Nb8+ axb5 12. Qxa8 Nd7 13. Na3 e5 14.
Bxe5 Nxe5 15. dxe5 Be7 16. Nxb5 O-O 17. Nd6 Qe6 18. Qxb7 Qxe5 19. Nd7 Qxd6
20. Nxf8 Bh4 21. Nd7 g6 22. Qb8+ Qxb8 23. Nxb8 g5 24. a4 Kg7 25. a5 Kg6 26.
a6 Bxf2+ 27. Kxf2 g4 28. a7 g3+ 29. Kg1 d4 30. a8=Q dxc3 31. Qe4+ f5 32.
Qe6+ Kg5 33. h4+ Kg4 34. Qg8+ Bg6 35. Ra4+ Kh5 36. bxc3 c4 37. Qd5 Be8 38.
Qxf5+ Kh6 39. Qg5# {Black checkmated} 1-0

[Event "ICC tourney 2149 (70 10)"]
[Site "Internet Chess Club"]
[Date "2020.11.22"]
[Round "6"]
[White "ShriChess12"]
[Black "Missyboo"]
[Result "1-0"]
[ICCResult "Black resigns"]
[WhiteElo "1444"]
[BlackElo "1290"]
[Opening "Pirc defense"]
[ECO "B07"]
[NIC "PU.08"]
[Time "19:33:15"]
[TimeControl "4200+10"]

1. e4 d6 2. d4 Nf6 3. Bd3 c6 4. c4 c5 5. d5 e6 6. Nc3 a6 7. Nf3 exd5 8. exd5
Be7 9. O-O O-O 10. b3 Nbd7 11. Bb2 Re8 12. Qc2 Ne5 13. Nxe5 dxe5 14. Ne4 g6
15. Bxe5 Bf5 16. Nxf6+ Bxf6 17. Bxf6 Qxf6 18. Bxf5 gxf5 19. Rfe1 Rad8 20.
Qd2 Re4 21. Rxe4 fxe4 22. Re1 Re8 23. h3 Qg6 24. Qe3 b6 25. Qg3 Qxg3 26.
fxg3 e3 27. Kf1 Kf8 28. Ke2 Re5 29. Kd3 b5 30. Rxe3 Rxe3+ 31. Kxe3 Ke7 32.
Ke4 Kf6 33. Kf4 h6 34. g4 Ke7 35. Kf5 bxc4 36. bxc4 a5 37. a4 f6 38. h4 Kf7
39. g5 fxg5 40. hxg5 hxg5 41. Kxg5 Ke7 42. Kf5 Kf7 43. g4 Ke7 44. g5
{Black resigns}
1-0

[Event "ICC tourney 2149 (70 10)"]
[Site "Internet Chess Club"]
[Date "2020.11.22"]
[Round "6"]
[White "iamvoltu"]
[Black "Draconian"]
[Result "0-1"]
[ICCResult "White checkmated"]
[WhiteElo "1448"]
[BlackElo "1577"]
[Opening "Dutch, 2.Bg5 variation"]
[ECO "A80"]
[NIC "HD.12"]
[Time "19:33:29"]
[TimeControl "4200+10"]

1. d4 f5 2. Bg5 h6 3. Bf4 g5 4. e3 Nf6 5. Be5 Bg7 6. Bxf6 Bxf6 7. Qh5+ Kf8
8. Nf3 Qe8 9. Qxe8+ Kxe8 10. Nc3 d6 11. Nd5 Kd8 12. c4 Bg7 13. b4 a5 14. b5
e6 15. Nc3 c5 16. a4 g4 17. Nh4 cxd4 18. exd4 Bxd4 19. Rc1 Bf6 20. Ng6 Rg8
21. Nf4 Bg5 22. g3 e5 23. Nfe2 Bxc1 24. Nxc1 Be6 25. h4 Nd7 26. Nd3 Bxc4 27.
Kd2 Ke7 28. Bg2 Bxd3 29. Kxd3 Rac8 30. Rc1 Nc5+ 31. Ke2 Nb3 32. Nd5+ Ke6 33.
Rxc8 Rxc8 34. b6 Rc2+ 35. Ke3 Nc1 36. Nc7+ Kd7 37. Bf1 Kc6 38. Na8 d5 39.
Bb5+ Kc5 40. Bc4 d4# {White checkmated} 0-1

[Event "ICC tourney 2149 (70 10)"]
[Site "Internet Chess Club"]
[Date "2020.11.22"]
[Round "6"]
[White "serenacool"]
[Black "welmo"]
[Result "1/2-1/2"]
[ICCResult "Game drawn by mutual agreement"]
[WhiteElo "1311"]
[BlackElo "1505"]
[Opening "Giuoco Piano: Greco's attack"]
[ECO "C54"]
[NIC "IG.02"]
[Time "19:33:21"]
[TimeControl "4200+10"]

1. e4 e5 2. Nf3 Nc6 3. Bc4 Bc5 4. c3 Nf6 5. d4 exd4 6. cxd4 Bb4+ 7. Nc3
Bxc3+ 8. bxc3 Nxe4 9. d5 Ne7 10. O-O O-O 11. Re1 Nd6 12. Bd3 h6 13. c4 b6
14. Bb2 Bb7 15. Qc2 f5 16. Nh4 Rf7 17. a4 a5 18. Re3 Nxd5 19. cxd5 Qxh4 20.
Qxc7 Ne4 21. Bxe4 d6 22. Qxd6 fxe4 23. Rg3 Qh5 24. Qe6 Kh7 25. Qxe4+ g6 26.
Qe6 Qf5 27. Qxf5 Rxf5 28. d6 Rd8 29. Re3 Rf7 30. Re7 Kg8 31. Rae1 Bc6 32.
R7e6 Kh7 33. Re7 Kg8 34. R7e6 Kh7 35. Bd4 Bd5 36. Re8 Rxe8 37. Rxe8 g5 38.
Rh8+ Kg6 39. Bxb6 Bc6 40. Bxa5 Bxa4 41. h3 Rd7 42. Bc7 Kg7 43. Re8 Kf7 44.
Rh8 Kg7 45. Ra8 Bc6 46. Ra6 Bb5 47. Rb6 Bc4 48. g4 Kf6 49. Kh2 Ke5 50. Kg3
Bd5 51. Rb8 Kf6 52. h4 Kf7 53. hxg5 hxg5 54. f4 gxf4+ 55. Kxf4 Kg6 56. Ke5
Bc6 57. Rg8+ Kf7 58. Rd8 Rxd8 59. Bxd8 Bd7 60. Be7 Bxg4
{Game drawn by mutual agreement}
1/2-1/2

[Event "ICC tourney 2149 (70 10)"]
[Site "Internet Chess Club"]
[Date "2020.11.22"]
[Round "6"]
[White "MahchessICC"]
[Black "Davide25"]
[Result "0-1"]
[ICCResult "White resigns"]
[WhiteElo "1327"]
[BlackElo "1329"]
[Opening "Caro-Kann: Steinitz variation"]
[ECO "B17"]
[NIC "CK.08"]
[Time "19:33:47"]
[TimeControl "4200+10"]

1. e4 c6 2. d4 d5 3. Nc3 dxe4 4. Nxe4 Nd7 5. Nf3 Ngf6 6. Nxf6+ Nxf6 7. Bf4
Bg4 8. Be2 e6 9. h3 Bh5 10. Be3 Bd6 11. a3 O-O 12. Bd3 Qc7 13. Qe2 c5 14.
dxc5 Bxc5 15. Bxc5 Qxc5 16. O-O Rac8 17. Rac1 Rfd8 18. Be4 Nxe4 19. Qxe4 Qd5
20. Qxd5 Rxd5 21. g4 Bg6 22. c3 Be4 23. Nd4 e5 24. Nb3 Rcd8 25. f3 Bd3 26.
c4 Bxf1 27. cxd5 Ba6 28. Rd1 Bc4 29. Nc5 Rxd5 30. Rxd5 Bxd5 31. Kf2 f6 32.
Ke3 Kf8 33. b4 b6 34. Ne4 Ke7 35. Nc3 Bb7 36. a4 g6 37. h4 f5 38. gxf5 gxf5
39. f4 Kf6 40. Ne2 a5 41. b5 Bd5 42. Nc3 Bb3 43. h5 exf4+ 44. Kxf4 Bf7 45.
Ke3 Ke5 46. h6 Bb3 47. Kf3 Bd5+ 48. Nxd5 Kxd5 49. Kf4 Ke6 50. Kg3 Kf6 51.
Kf4 Ke6 52. Kg3 Ke5 53. Kf3 f4 54. Ke2 Kf5 55. Kf3 Kg5 56. Kf2 Kxh6 57. Kf3
Kg5 58. Kf2 Kg4 59. Kg2 f3+ 60. Kf1 Kg3 61. Kg1 h5 62. Kf1 h4 63. Kg1 h3 64.
Kh1 Kf2 65. Kh2 Ke1 66. Kxh3 f2 67. Kg2 f1=Q+ {White resigns} 0-1

[Event "ICC tourney 2149 (70 10)"]
[Site "Internet Chess Club"]
[Date "2020.11.22"]
[Round "6"]
[White "ChessHero76"]
[Black "Hydra88"]
[Result "0-1"]
[ICCResult "White checkmated"]
[WhiteElo "1403"]
[BlackElo "1497"]
[Opening "French: Winawer, Alekhine gambit, Kan variation"]
[ECO "C15"]
[NIC "FR.08"]
[Time "19:33:21"]
[TimeControl "4200+10"]

1. e4 e6 2. d4 d5 3. Nc3 Bb4 4. Ne2 dxe4 5. a3 Bxc3+ 6. Nxc3 Nc6 7. Bb5 Bd7
8. Nxe4 Qh4 9. Bd3 h6 10. c3 Nf6 11. g3 Qh3 12. Nxf6+ gxf6 13. Bf1 Qf5 14.
Bg2 O-O-O 15. O-O Rdg8 16. Be3 Qb5 17. b3 Na5 18. Rb1 Bc6 19. c4 Qa6 20. d5
exd5 21. Bxd5 Bxd5 22. Qxd5 Rf8 23. Rfc1 Nc6 24. Bc5 Rd8 25. Qxf7 Qa5 26.
Be3 Qxa3 27. Qxf6 Rdf8 28. Qb2 Qe7 29. Re1 Qf7 30. Bc5 Rd8 31. Rbd1 Qf3 32.
Rc1 h5 33. Rc3 Qf5 34. Be3 h4 35. Bf4 h3 36. Rce3 Nb4 37. Qg7 Rh7 38. Qg5
Qd7 39. R3e2 Rg7 40. Qa5 Nc6 41. Qa2 Qg4 42. Re8 Qxf4 43. Rxd8+ Kxd8 44. Qe2
Qf7 45. Rd1+ Kc8 46. Qd2 Qf3 47. Qd5 Qxd5 48. cxd5 Nb4 49. Rd4 Re7 50. f4
Nc2 51. Rd2 Ne3 52. Re2 Nxd5 53. Rxe7 Nxe7 54. g4 Kd7 55. Kf2 Nd5 56. f5 Nf6
57. Kg3 Kd6 58. Kxh3 Ke5 59. Kg3 Nh7 60. Kh4 Kf6 61. Kg3 a5 62. Kf4 b5 63.
h4 a4 64. g5+ Kg7 65. h5 axb3 66. h6+ Kg8 67. g6 b2 68. gxh7+ Kxh7 69. Ke5
b1=Q 70. f6 Qb2+ 71. Ke6 Qe2+ 72. Kf7 Kxh6 73. Kg8 Qg4+ 74. Kh8 Qc8#
{White checkmated}
0-1

[Event "ICC tourney 2149 (70 10)"]
[Site "Internet Chess Club"]
[Date "2020.11.22"]
[Round "6"]
[White "ColdSpringAZ"]
[Black "ejrdz2007"]
[Result "1/2-1/2"]
[ICCResult "Game drawn by repetition"]
[WhiteElo "1369"]
[BlackElo "1399"]
[Opening "Sicilian: Sozin, not Scheveningen"]
[ECO "B57"]
[NIC "SI.25"]
[Time "19:33:30"]
[TimeControl "4200+10"]

1. e4 c5 2. Nf3 d6 3. d4 cxd4 4. Nxd4 Nf6 5. Nc3 Nc6 6. Bc4 g6 7. Be3 Ng4 8.
Nxc6 bxc6 9. Bf4 Qb6 10. O-O Qxb2 11. Qd2 Bg7 12. Ne2 Qa3 13. Rab1 O-O 14.
h3 Ne5 15. Bb3 Ba6 16. Bg5 e6 17. Be7 Bxe2 18. Bxd6 Qa6 19. Rfe1 Rfd8 20.
Rxe2 Rxd6 21. Qe3 Rad8 22. Ree1 Nc4 23. Qe2 Rd2 24. Qxc4 Qxc4 25. Bxc4 Rxc2
26. Rbc1 Rxc1 27. Rxc1 Rd4 28. Bb3 Rxe4 29. Rxc6 Bd4 30. Rc2 Re1+ 31. Kh2 h5
32. Rd2 Bb6 33. g3 Kg7 34. Kg2 f5 35. h4 Kf6 36. f4 Rg1+ 37. Kf3 e5 38. Rd6+
Ke7 39. Re6+ Kf8 40. Rxe5 Rf1+ 41. Kg2 Rf2+ 42. Kh1 Rf1+ 43. Kg2 Rf2+ 44.
Kh1 Rb2 45. Re6 Kg7 46. Re7+ Kf8 47. Rf7+ Ke8 48. Rf6 Rb1+ 49. Kg2 Rb2+ 50.
Kh1 Rb1+ 51. Kg2 Rb2+ 52. Kh1 Rb1+ 53. Kg2 Rb2+ {Game drawn by repetition}
1/2-1/2

[Event "ICC tourney 2149 (70 10)"]
[Site "Internet Chess Club"]
[Date "2020.11.22"]
[Round "6"]
[White "Rakib-Hasan"]
[Black "FlowingMelody"]
[Result "1-0"]
[ICCResult "Black resigns"]
[WhiteElo "1501"]
[BlackElo "1322"]
[Opening "Danish gambit: Schlechter defense"]
[ECO "C21"]
[NIC "KP.04"]
[Time "19:33:19"]
[TimeControl "4200+10"]

1. e4 e5 2. d4 exd4 3. c3 dxc3 4. Bc4 cxb2 5. Bxb2 d5 6. Bxd5 Nf6 7. Bxf7+
Kxf7 8. Qxd8 Bb4+ 9. Qd2 Bxd2+ 10. Nxd2 Re8 11. f3 Nc6 12. Ne2 Nb4 13. O-O
Bd7 14. a3 Nc6 15. Ng3 Rad8 16. f4 Be6 17. Bc3 Nd4 18. Rac1 c6 19. e5 Ng8
20. f5 Bc8 21. e6+ Kf8 22. Rf4 Nb5 23. Bb4+ Nd6 24. Nde4 Nf6 25. Nxd6 Kg8
26. Nxe8 Rxe8 27. Rd1 Nd5 28. Rfd4 b6 29. Re1 Bb7 30. Ne4 c5 31. Bxc5 bxc5
32. Nxc5 Bc6 33. Nb3 Ne7 34. Na5 Bb5 35. g4 Rc8 36. Nb7 Ba6 37. Rd8+ Rxd8
38. Nxd8 Kf8 39. Rc1 Ke8 40. Nc6 Nd5 41. Rc5 Nf6 42. h3 Ne4 43. Re5 Nd2 44.
Rd5 Nf3+ 45. Kf2 {Black resigns} 1-0

[Event "ICC tourney 2149 (70 10)"]
[Site "Internet Chess Club"]
[Date "2020.11.22"]
[Round "6"]
[White "ANCA0053"]
[Black "smashattack"]
[Result "1-0"]
[ICCResult "Black resigns"]
[WhiteElo "1228"]
[BlackElo "1447"]
[Opening "QGD: Grau (Sahovic) defense"]
[ECO "D06"]
[NIC "QP.08"]
[Time "19:34:04"]
[TimeControl "4200+10"]

1. d4 d5 2. c4 Bf5 3. cxd5 Bxb1 4. Rxb1 Qxd5 5. e3 Nc6 6. Ne2 Nf6 7. Nc3 Qd7
8. Be2 e6 9. O-O Be7 10. Qc2 O-O 11. a3 Rfd8 12. Rd1 Rac8 13. b4 Qe8 14. Bb2
Nb8 15. Na4 Nbd7 16. Nc5 b6 17. Nb7 c5 18. dxc5 bxc5 19. Nxd8 Qxd8 20. Bxf6
Bxf6 21. Qd3 Rc7 22. Bf3 c4 23. Qc2 Qe7 24. Qe4 Nb6 25. Qc2 g6 26. h3 Kg7
27. Rbc1 c3 28. Be2 Nc4 29. Bxc4 Rxc4 30. Qa4 Qb7 31. Rd7 Rc7 32. Rxc7 Qxc7
33. Qb3 Qc6 34. a4 Qe4 35. b5 Qd3 36. a5 Qd2 37. Qc2 Qd5 38. Rb1 Qb7 39. b6
axb6 40. axb6 Be5 41. Rb3 h6 42. Rxc3 Qxb6 43. Rb3 Qa5 44. Rb1 h5 45. Rc1
Bf6 46. Rd1 Qe5 47. Qd3 Qb2 48. Rb1 Qa2 49. Rf1 Be5 50. f4 Bf6 51. e4 Qa7+
52. Kh1 Qc7 53. f5 exf5 54. exf5 g5 55. g3 Qb7+ 56. Qf3 Qb8 57. Kg2 Qh8 58.
Rd1 h4 59. gxh4 Qxh4 60. Qg4 Qh8 61. Qe4 Qb8 62. Rd2 Qb5 63. Rf2 Qc5 64. Re2
Qd6 65. Qf3 Qc5 66. Re4 Qc2+ 67. Qe2 Qc5 68. Qf2 Qd5 69. Qf3 Qd2+ 70. Re2
Qd4 71. Qe4 Qc5 72. h4 gxh4 73. Qg4+ Kh6 74. Qf4+ Bg5 75. Qf3 Qc1 76. Kh3
Qg1 77. Rc2 Qb1 78. Rc6+ f6 79. Rc8 Qb5 80. Rg8 Qc4 81. Rg6+ {Black resigns}
1-0